 Dungeon Crawl Stone Soup version 0.30-a0-250-g41c1d76940 (webtiles) character file.

Game seed: 12116277181503826842

346 gzilladon the Chopper (level 6, -1/53 HPs)
             Began as a Minotaur Fighter on Oct 12, 2022.
             Was an Initiate of Ashenzari.
             Slain by an ogre
             ... wielding a +0 giant club
              (9 damage)
             ... on level 5 of the Dungeon.
             The game lasted 00:17:23 (4073 turns).

gzilladon the Chopper (Minotaur Fighter)            Turns: 4073, Time: 00:17:24

Health: -1/53      AC: 15    Str: 22    XL:     6   Next: 32%
Magic:  5/5        EV:  6    Int:  5    God:    Ashenzari [......]
Gold:   214        SH:  4    Dex: 10    Spells: 5/5 levels left

rFire   . . .      SeeInvis .    a - +0 war axe
rCold   . . .      Faith    .    c - +0 buckler
rNeg    . . .      Spirit   .    j - +1 plate armour
rPois   .          Reflect  .    (helmet restricted)
rElec   .          Harm     .    s - +0 cloak
rCorr   .          Rampage  .    n - +0 pair of gloves
Will    +....                    (no boots)
Stlth   ..........               t - amulet of regeneration
HPRegen 1.08/turn                u - ring of willpower
MPRegen 0.09/turn                (no ring)

@: no status effects
A: horns 2, retaliatory headbutt
a: Renounce Religion


You were on level 5 of the Dungeon.
You worshipped Ashenzari.
Ashenzari was noncommittal.
You visited 2 branches of the dungeon, and saw 6 of its levels.

You collected 214 gold pieces.

Inventory:

Hand Weapons
 a - a +0 war axe (weapon)
Missiles
 e - 36 stones (quivered)
 f - 4 datura-tipped darts
 l - 5 poisoned darts
 m - 6 boomerangs
Armour
 b - a +0 scale mail
 c - a +0 buckler (worn)
 j - a +1 plate armour (worn)
 n - a +0 pair of gloves (worn)
 s - a +0 cloak (worn)
Jewellery
 t - an amulet of regeneration (around neck)
 u - a ring of willpower (left hand)
Wands
 v - a wand of digging (2)
 A - a wand of roots (4)
Scrolls
 w - 2 scrolls of fear
 z - 2 scrolls of vulnerability
 B - 4 scrolls of teleportation
Potions
 g - a potion of brilliance
 h - a potion of heal wounds {unknown}
 i - a potion of curing {unknown}
 k - 3 potions of flight
 o - 2 potions of invisibility {unknown}
 p - a potion of ambrosia {unknown}
 q - a potion of magic {unknown}


   Skills:
 + Level 4.5 Fighting
 * Level 6.4 Axes
 + Level 4.9 Armour
 + Level 0.2 Dodging
 + Level 4.4 Shields


You had 5 spell levels left.
You didn't know any spells.
Your spell library contained the following spells:

 Spells                   Type           Power      Damage    Failure   Level
 Beastly Appendage        Tmut           0%         N/A       100%        1
 Cigotuvi's Dreadful Rot  Necr/Pois/Air  0%         N/A       100%        2
 Poisonous Vapours        Pois/Air       0%         N/A       100%        2
 Wereblood                Tmut           0%         N/A       100%        2
 Ignite Poison            Fire/Tmut/Pois 0%         N/A       100%        3
 Kindle Blastsparks       Fire/Tloc/Air  0%         2d10      100%        3
 Mephitic Cloud           Conj/Pois/Air  0%         N/A       100%        3
 Spider Form              Tmut/Pois      0%         N/A       100%        3
 Freezing Cloud           Conj/Ice/Air   0%         6-21      100%        5
 Malign Gateway           Summ/Tloc      0%         N/A       100%        7
 Summon Horrible Things   Summ           0%         N/A       100%        8


Dungeon Overview and Level Annotations

Branches:
Dungeon (5/15)             Temple (1/1) D:5

Altars:
Ashenzari
Elyvilon
Gozag
Hepliaklqana
Kikubaaqudgha
Makhleb
Qazlal
Ru
Sif Muna
Vehumet
Wu Jian
Zin

Annotations:
D:5 Eustachio


Innate Abilities, Weirdness & Mutations

You have a pair of horns on your head.
You reflexively headbutt those who attack you in melee.


Message History

Found a hazy altar of Hepliaklqana.
Found a radiant altar of Vehumet.
Found a burning altar of Makhleb.
You enter the shallow water.
Moving in this stuff is going to be slow.
Found a stormy altar of Qazlal.
There is a broken altar of Ashenzari here.
You kneel at the altar of Ashenzari.
Ashenzari welcomes you!
Ashenzari warns you of distant threats and treasures.
Ashenzari reveals the structure of the dungeon to you.
Ashenzari shows you where magical portals lie.
You enter the shallow water.
Moving in this stuff is going to be slow.
There is a staircase back to the Dungeon here.
There is a staircase back to the Dungeon here.
You climb upwards.
Welcome back to the Dungeon!
There is a staircase to the Ecumenical Temple here.
There is an open door here.
Why would you want to do that?
Found a stone staircase leading down.
You pick up a book of Changes and begin reading...
You add the spells Beastly Appendage, Wereblood and Spider Form to your library.
An ogre comes into view. It is wielding a +0 giant club.
The ogre shouts!
You hear a shout!
You slash the ogre!
The ogre is heavily wounded.
The ogre hits you with a +0 giant club.
You barely miss the ogre.
The ogre is heavily wounded.
The ogre hits you with a +0 giant club!!
You hit the ogre. Your headbutt misses the ogre.
The ogre is severely wounded.
The ogre hits you with a +0 giant club!!
* * * LOW HITPOINT WARNING * * *
You barely miss the ogre.
The ogre is severely wounded.
Eustachio the Magnificent comes into view.
He is wielding a +0 falchion.
You hit the ogre but do no damage.
The ogre is severely wounded.
You hit Eustachio. The ogre hits you with a +0 giant club!
You die...

#....####
#.#
####.#.#
#.# #.#..
#.# #.#.#
#.# #.#.#
#.# #.#.#
#.# #.#.#
#.#O#
#.#@#.###
#>..@...#
###........
#######.#


You could see Eustachio and an ogre.

Vanquished Creatures
  A black bear (D:4)
  A hound (D:4)
  Ijyb (D:3)
  Natasha (thrice) (D:3)
  6 adders
  2 worms
  A dart slug (D:3)
  6 ball pythons
  8 bats
  5 endoplasms
  4 giant cockroaches
  5 goblins
  6 hobgoblins
  6 jackals
  A quokka (D:4)
  4 frilled lizards
  6 kobolds
  4 rats
70 creatures vanquished.

Vanquished Creatures (others)
  A fungus (D:3)
  A plant (D:3)
2 creatures vanquished.

Grand Total: 72 creatures vanquished

Notes
Turn   | Place    | Note
-------+----------+-------------------------------------------
     0 | D:1      | gzilladon the Minotaur Fighter began the quest for the Orb.
     0 | D:1      | Reached XP level 1. HP: 19/19 MP: 0/0
   199 | D:1      | Reached XP level 2. HP: 27/27 MP: 1/1
   920 | D:2      | Found a stormy altar of Qazlal.
   938 | D:2      | Reached XP level 3. HP: 33/33 MP: 2/2
   941 | D:2      | Reached skill level 3 in Axes
  1679 | D:2      | Reached XP level 4. HP: 40/40 MP: 3/3
  1787 | D:3      | Found an ancient bone altar of Kikubaaqudgha.
  1798 | D:3      | Noticed Ijyb
  1805 | D:3      | Killed Ijyb
  1806 | D:3      | Reached skill level 4 in Axes
  1809 | D:3      | Found an opulent altar of Gozag.
  2121 | D:3      | Found a sacrificial altar of Ru.
  2434 | D:3      | Noticed Natasha
  2440 | D:3      | Killed Natasha
  2441 | D:3      | Reached XP level 5. HP: 46/46 MP: 4/4
  2569 | D:3      | Noticed Natasha
  2585 | D:3      | Killed Natasha
  2586 | D:3      | Reached skill level 5 in Axes
  3049 | D:3      | Noticed Natasha
  3058 | D:3      | Killed Natasha
  3857 | D:4      | Noticed a black bear
  3869 | D:4      | Killed a black bear
  3870 | D:4      | Reached skill level 6 in Axes
  3870 | D:4      | Reached XP level 6. HP: 34/53 MP: 5/5
  3972 | D:5      | Entered Level 5 of the Dungeon
  4001 | D:5      | Found a staircase to the Ecumenical Temple.
  4007 | Temple   | Entered the Ecumenical Temple
  4022 | Temple   | Became a worshipper of Ashenzari the Shackled
  4072 | D:5      | Noticed Eustachio
  4073 | D:5      | Slain by an ogre

Illustrated notes

Levels and vault maps discovered:
D:1:      saegor_arrival_simple_a, layout_loops_ring
D:2:      layout_basic, basic_altar
D:3:      layout_loops_cross, nicolae_gozag_seed_capital,
          nicolae_ru_the_path_less_chosen, mainiacjoe_overflow_catwalk,
          hangedman_decor_riveting, uniq_ijyb, uniq_natasha
D:4:      layout_loops_corners
D:5:      minmay_octagon_keep, layout_basic, nicolae_overflow_hidden_temple,
          okawaru_trees_1, minmay_temple_entry_fiery, ebering_ghost_sewer_d,
          uniq_eustachio
Temple:   nicolae_temple_bog_church

Skill      XL: |  1  2  3  4  5 |
---------------+----------------+-----
Shields        | 4 |  4.4
Armour         | 4 |  4.9
Axes           | 3 4 6 |  6.4
Fighting       | 4 |  4.5
Dodging        | |  0.2

Action                   |  1- 3 |  4- 6 || total
-------------------------+-------+-------++-------
Melee: War axe           |    78 |   100 ||   178
       Headbutt          |    10 |    11 ||    21
  Use: Scroll            |       |     9 ||     9
       Potion            |       |     2 ||     2
Armor: Scale mail        |     9 |       ||     9
       Plate armour      |    64 |    80 ||   144
Dodge: Dodged            |    35 |    37 ||    72
Block: Buckler           |    32 |    23 ||    55

Table legend: (Time is in decaauts)
 A = Elapsed time spent in this place.
 B = Non-inter-level travel time spent in this place.
 C = Inter-level travel time spent in this place.
 D = Time resting spent in this place.
 E = Time spent auto-exploring this place.
 F = Levels seen in this place.
 G = Mean time per level.
                   A        B        C        D        E       F      G
               +--------+--------+--------+--------+--------+-----+--------+
         Total |   4139 |   3388 |    751 |     72 |      0 |   6 |  689.8 |
       Dungeon |   4104 |   3353 |    751 |     72 |      0 |   5 |  820.8 |
        Temple |     34 |     34 |      0 |      0 |      0 |   1 |   34.0 |
               +--------+--------+--------+--------+--------+-----+--------+

Top non-repeatable levels by time:
     D:3: 1349 daAuts
     D:2: 1092 daAuts
     D:4: 888 daAuts
     D:1: 704 daAuts
     D:5: 70 daAuts
  Temple: 34 daAuts
